AoeStats
← tostostos

Arena

509165406Analyzed
3v3 RM · 6d ago on Sep 25, 2026· 53m 55s· 6 players
Game mode
Random Map
Map size
Normal (6 player)
Population
200
Speed
Normal
Resources
Standard
Victory
Conquest
Starting age
Dark Age
Ending age
Imperial Age
RankedLock teamsTeams togetherTeam positionsShared explorationLock speedFull tech treeHidden civsTurbo modeCheats
Victory
Defeat
🇨🇴 Goths · Colombia
1271
+9
🇻🇪 Teutons · Venezuela
1029
+19
🇺🇸 Celts · United States
929
+23
🇹🇷 Hindustanis · Türkiye
1193
-21
🇹🇷 Ethiopians · Türkiye
1109
-17
🇹🇷 Cumans · Türkiye
993
-13
Pug Carlino
11:12 Feudal Age
12:00 Double-Bit Axe
11:57 Horse Collar
14:50 Castle Age
16:10 Bow Saw
22:26 Heavy Plow
23:59 Gold Mining
29:19 Imperial Age
27:28 Wheelbarrow
26:41 Town Watch
27:36 Scale Mail Armor
27:47 Forging
27:38 Squires
26:58 Pikeman
29:01 Chain Mail Armor
28:41 Loom
29:11 Hand Cart
29:40 Anarchy
30:17 Iron Casting
30:24 Conscription
30:03 Elite Huskarl
33:39 Blast Furnace
33:19 Town Patrol
34:20 Two-Man Saw
34:44 Crop Rotation
38:47 Perfusion
38:54 Stone Mining
41:27 Fletching
41:58 Ballistics
44:03 Caravan
45:36 Bodkin Arrow
47:10 Chemistry
51:13 Bracer
Chavetox
0:36 Loom
10:34 Feudal Age
17:35 Castle Age
19:13 Double-Bit Axe
19:10 Horse Collar
21:49 Fletching
23:42 Bow Saw
27:27 Heavy Plow
27:49 Scale Mail Armor
28:02 Crossbowman
28:03 Elite Skirmisher
29:27 Bodkin Arrow
30:20 Padded Archer Armor
34:17 Padded Archer Armor
35:28 Leather Archer Armor
40:29 Imperial Age
38:48 Forging
40:13 Iron Casting
40:53 Chain Mail Armor
43:01 Two-Man Saw
43:53 Ironclad
44:39 Ring Archer Armor
45:11 Blast Furnace
44:51 Ballistics
47:41 Chemistry
48:28 Elite Teutonic Knight
50:29 Plate Mail Armor
50:07 Scale Barding Armor
50:36 Capped Ram
53:33 Pikeman
53:33 Man-at-Arms
54:01 Gambesons
DecrepitoX
13:22 Feudal Age
15:54 Horse Collar
16:00 Double-Bit Axe
18:34 Castle Age
19:53 Heavy Plow
20:05 Bow Saw
27:00 Scale Mail Armor
30:21 Stone Mining
30:23 Gold Mining
30:47 Padded Archer Armor
30:37 Fletching
33:39 Stone Shaft Mining
33:40 Gold Shaft Mining
33:30 Chain Mail Armor
33:34 Forging
37:14 Iron Casting
37:25 Wheelbarrow
36:37 Loom
41:37 Imperial Age
40:06 Ballistics
39:58 Masonry
41:29 Leather Archer Armor
41:10 Bodkin Arrow
41:47 Elite Skirmisher
43:42 Chemistry
42:29 Arrowslits
44:01 Murder Holes
45:04 Ring Archer Armor
45:06 Plate Mail Armor
45:36 Blast Furnace
45:23 Hand Cart
45:59 Capped Ram
49:05 Furor Celtica
49:18 Conscription
48:22 Elite Woad Raider
48:32 Siege Ram
49:17 Stronghold
48:59 Sappers
Sarkum
7:27 Loom
11:48 Feudal Age
14:05 Double-Bit Axe
14:59 Wheelbarrow
16:36 Man-at-Arms
22:30 Castle Age
21:38 Horse Collar
23:28 Bow Saw
24:45 Bloodlines
26:38 Heavy Plow
26:22 Pikeman
27:02 Squires
30:07 Man-at-Arms
31:25 Long Swordsman
34:31 Scale Mail Armor
34:41 Forging
34:31 Padded Archer Armor
34:21 Fletching
34:37 Scale Barding Armor
39:22 Chain Mail Armor
39:03 Bodkin Arrow
39:23 Leather Archer Armor
42:13 Imperial Age
42:42 Hand Cart
43:08 Iron Casting
43:24 Elite Kipchak
44:00 Two-Handed Swordsman
47:55 Crop Rotation
47:09 Champion
tostostos
11:02 Loom
12:47 Feudal Age
13:57 Double-Bit Axe
17:29 Castle Age
15:43 Horse Collar
16:34 Fletching
16:46 Padded Archer Armor
17:28 Wheelbarrow
16:48 Gold Mining
18:51 Bodkin Arrow
20:17 Bow Saw
24:00 Leather Archer Armor
24:19 Crossbowman
27:49 Thumb Ring
30:28 Heavy Plow
34:08 Imperial Age
31:54 Forging
33:22 Iron Casting
32:47 Scale Mail Armor
33:10 Scale Barding Armor
35:20 Squires
35:05 Arson
35:52 Hand Cart
35:01 Man-at-Arms
35:28 Halberdier
36:09 Long Swordsman
37:56 Two-Handed Swordsman
39:07 Ballistics
D.M.G.
11:54 Feudal Age
15:47 Castle Age
14:11 Double-Bit Axe
14:08 Horse Collar
18:27 Wheelbarrow
19:54 Heavy Plow
20:12 Bow Saw
28:05 Grand Trunk Road
32:20 Imperial Age
30:13 Fletching
30:24 Padded Archer Armor
30:53 Gold Mining
31:17 Bodkin Arrow
32:03 Leather Archer Armor
32:43 Hand Cart
33:21 Shatagni
33:43 Conscription
34:25 Chemistry
34:35 Bracer
35:06 Ring Archer Armor
36:54 Gold Shaft Mining
44:39 Man-at-Arms
47:42 Long Swordsman
48:36 Forging
48:27 Scale Mail Armor
49:54 Iron Casting
49:04 Two-Handed Swordsman
50:25 Chain Mail Armor
50:16 Champion
Connection lost

Rejoining the realm…

Still unreachable

The connection could not be restored.

Session expired

The server has moved on; the page needs a fresh start.